Map: Jagannatha LE

Players

Rail - Winner!

  • Race: Protoss Protoss

MaxPax

  • Race: Protoss Protoss

Event: DreamHack SC2 Masters 2021 Winter

VOD

Have the link to the VOD?

Description

Time

  • Played on: Oct. 8, 2021, 10:25 a.m.
  • Length: 10:13

All games in this series

Show
View Real Time Build Order
Export as new Build Order

Rail Protoss - Winner!

Build Orders: Phoenix Opening 

Get SALT Encoding   

  12  0:01  Probe  
  13  0:13  Probe  
  14  0:20  Pylon  
  14  0:25  Probe  
  15  0:38  Probe (Chrono Boost)  
  15  0:40  Gateway  
  16  0:47  Probe (Chrono Boost)  
  16  0:48  Assimilator  
  17  0:53  Probe (Chrono Boost)  
  18  1:05  Probe (Chrono Boost)  
  18  1:06  Assimilator  
  18  1:10  Pylon  
  19  1:13  Probe (Chrono Boost)  
  20  1:19  Probe  
  21  1:27  Cybernetics Core  
  21  1:31  Probe  
  21  1:32  Zealot  
  24  1:43  Probe  
  25  1:54  Pylon  
  25  1:55  Probe  
  26  2:03  Stalker  
  29  2:16  Stargate  
  28  2:28  Nexus  
  28  2:31  Probe  
  29  2:39  Pylon  
  29  2:43  Warp Gate  
  29  2:45  Probe  
  30  2:58  Probe  
  31  2:59  Phoenix (Chrono Boost)  
  33  3:10  Probe  
  34  3:20  Phoenix (Chrono Boost)  
  34  3:22  Probe  
  38  3:34  Probe (Chrono Boost)  
  38  3:40  Phoenix (Chrono Boost)  
  41  3:46  Probe x2 (Chrono Boost)  
  42  3:52  Probe (Chrono Boost)  
  42  3:54  Probe (Chrono Boost)  
  43  3:58  Phoenix (Chrono Boost)  
  43  4:00  Probe  
  46  4:05  Probe  
  46  4:06  Pylon  
  47  4:12  Probe  
  47  4:14  Gateway  
  48  4:17  Probe  
  48  4:20  Phoenix  
  48  4:23  Assimilator  
  51  4:24  Probe  
  51  4:25  Assimilator  
  51  4:29  Twilight Council, Probe  
  53  4:36  Probe  
  54  4:40  Shield Battery  
  54  4:42  Probe  
  54  4:44  Pylon  
  54  4:45  Phoenix (Chrono Boost)  
  57  4:49  Probe  
  58  4:54  Probe  
  59  5:02  Blink (Chrono Boost)  
  59  5:04  Probe  
  59  5:06  Probe  
  63  5:13  Gateway x2  
  61  5:17  Robotics Facility, Stalker  
  61  5:19  Stalker  
  65  5:26  Gateway  
  65  5:29  Gateway  
  65  5:33  Pylon  
  65  5:40  Stalker  
  67  5:43  Stalker  
  67  5:47  Pylon  
  69  5:50  Pylon  
  69  6:01  Pylon  
  69  6:04  Warp Prism (Chrono Boost)  
  69  6:07  Stalker x2, Sentry  
  77  6:12  Stalker  
  77  6:15  Pylon  
  79  6:21  Sentry  
  79  6:25  Stalker  
  83  6:33  Stalker x2  
  83  6:34  Observer (Chrono Boost)  
  83  6:38  Stalker x2  
  92  6:43  Pylon  
  92  6:44  Stalker  
  94  6:50  Stalker  
  90  7:03  Stalker x2  
  90  7:07  Stalker x2  
  98  7:08  Stalker  
  100  7:17  Pylon  
  100  7:20  Pylon  
  100  7:21  Stalker  
  102  7:28  Stalker x2  
  106  7:32  Pylon  
  106  7:34  Stalker  
  108  7:39  Stalker  
  110  7:45  Sentry  
  110  7:48  Stalker  
  114  7:52  Stalker  
  114  7:57  Stalker x2  
  120  8:02  Stalker  
  122  8:10  Stalker  
  118  8:31  Stalker x5  
  126  8:42  Gateway  
  126  8:47  Stalker  
  128  8:55  Stalker  
  128  8:56  Stalker x2  
  128  9:14  Stalker x3  
  134  9:19  Stalker x2  
  134  9:21  Stalker  
  100  9:46  Stalker x3  
  100  9:47  Stalker x2  
  110  10:05  Stalker  
  104  10:10  Stalker x2  
Show
View Real Time Build Order
Export as new Build Order

MaxPax Protoss 

Build Orders: Phoenix Opening, Mass Phoenix 

Get SALT Encoding   

  12  0:00  Probe  
  13  0:12  Probe  
  14  0:20  Pylon  
  14  0:24  Probe  
  15  0:38  Probe (Chrono Boost)  
  15  0:40  Gateway  
  16  0:47  Probe (Chrono Boost)  
  16  0:48  Assimilator  
  17  0:52  Probe (Chrono Boost)  
  18  1:04  Probe (Chrono Boost)  
  18  1:09  Assimilator, Pylon  
  19  1:16  Probe (Chrono Boost)  
  20  1:22  Probe (Chrono Boost)  
  21  1:26  Cybernetics Core  
  21  1:32  Probe  
  24  1:39  Zealot  
  24  1:44  Probe  
  25  1:56  Probe  
  26  2:05  Stargate  
  28  2:11  Probe  
  28  2:14  Warp Gate  
  27  2:25  Nexus  
  27  2:28  Probe  
  28  2:34  Pylon  
  28  2:40  Probe  
  31  2:51  Phoenix  
  31  2:52  Probe  
  31  3:05  Probe  
  32  3:12  Stalker  
  34  3:15  Phoenix (Chrono Boost)  
  34  3:17  Probe  
  37  3:29  Probe  
  37  3:34  Assimilator  
  38  3:37  Phoenix (Chrono Boost)  
  38  3:38  Probe  
  38  3:41  Probe  
  42  3:50  Probe  
  42  3:53  Probe  
  42  3:55  Phoenix (Chrono Boost)  
  44  4:02  Probe  
  45  4:04  Stargate  
  45  4:05  Probe  
  45  4:09  Assimilator  
  46  4:13  Pylon  
  46  4:14  Probe  
  46  4:16  Phoenix (Chrono Boost)  
  47  4:21  Probe  
  50  4:26  Probe, Pylon  
  51  4:33  Probe  
  51  4:34  Shield Battery  
  51  4:37  Phoenix (Chrono Boost)  
  54  4:40  Probe  
  55  4:48  Probe  
  58  4:55  Phoenix (Chrono Boost)  
  58  4:56  Phoenix (Chrono Boost)  
  60  5:00  Probe  
  60  5:01  Pylon  
  60  5:12  Fleet Beacon  
  59  5:16  Phoenix  
  61  5:22  Probe  
  61  5:23  Probe  
  61  5:25  Zealot  
  61  5:27  Phoenix  
  67  5:31  Pylon  
  67  5:40  Probe  
  68  5:43  Phoenix  
  70  5:55  Phoenix  
  70  5:56  Anion Pulse-Crystals (Chrono Boost)  
  72  6:04  Pylon  
  72  6:08  Nexus  
  72  6:09  Probe x2  
  74  6:13  Phoenix  
  76  6:22  Pylon  
  76  6:23  Pylon  
  78  6:31  Robotics Facility  
  77  6:38  Forge  
  77  6:39  Void Ray, Sentry  
  81  6:50  Void Ray  
  81  6:52  Probe x2  
  85  7:04  Probe x2  
  87  7:08  Gateway  
  87  7:13  Photon Cannon  
  87  7:15  Photon Cannon, Pylon  
  85  7:17  Immortal (Chrono Boost)  
  85  7:19  Adept  
  85  7:21  Void Ray  
  95  7:30  Void Ray  
  99  7:41  Adept  
  101  7:47  Shield Battery  
  101  7:48  Shield Battery  
  101  7:50  Immortal, Probe x2  
  107  7:58  Void Ray  
  107  8:02  Zealot  
  112  8:14  Zealot  
  112  8:15  Pylon  
  112  8:22  Immortal  
  112  8:25  Void Ray  
  103  8:35  Cybernetics Core  
  103  8:37  Pylon  
  103  8:38  Gateway  
  103  8:39  Immortal  
  111  8:43  Probe  
  111  8:44  Zealot  
  110  9:07  Void Ray  
  113  9:17  Shield Battery  
  113  9:19  Shield Battery  
  113  9:20  Shield Battery  
  114  9:26  Stargate  
  84  9:50  Zealot x2  

Tags
 
Add a new tag
Caveats
  • Supply blocks, unpowered buildings, or Contaminate may cause inaccurate times.
  • Supply counts are checked every 10 seconds.